 Dungeon Crawl Stone Soup version 0.28.0-45-g0d030f2227 (webtiles) character file.

Game seed: 1260848250166277119

67 MisterFreud the Changer (level 3, 0/28 HPs)
             Began as a Draconian Transmuter on Apr 24, 2022.
             Slain by a gnoll
             ... wielding a +0 halberd
              (3 damage)
             ... on level 2 of the Dungeon.
             The game lasted 00:01:51 (2066 turns).

MisterFreud the Changer (Draconian Transmuter)      Turns: 2066, Time: 00:01:52

Health: 0/28       AC:  5    Str: 12    XL:     3   Next: 98%
Magic:  6/6        EV: 12    Int: 15    God:
Gold:   62         SH:  0    Dex: 11    Spells: 0/6 levels left

rFire   . . .      SeeInvis .     - Unarmed
rCold   . . .      Faith    .   (no shield)
rNeg    . . .      Spirit   .   (armour unavailable)
rPois   .          Reflect  .   (helmet restricted)
rElec   .          Harm     .   (no cloak)
rCorr   .          Rampage  .   (no gloves)
Will    .....                   (no boots)
Stlth   +.........              (no amulet)
HPRegen 0.09/turn               (no ring)
MPRegen 0.10/turn               (no ring)

@: no status effects
A: AC +5, unfitting armour, cold-blooded
a: no special abilities


You were on level 2 of the Dungeon.
You visited 1 branch of the dungeon, and saw 2 of its levels.

You collected 62 gold pieces.

Inventory:

Scrolls
 a - 2 scrolls of identify {unknown}
 c - 2 scrolls of vulnerability {unknown}
 e - a scroll of noise {unknown}
 f - a scroll of teleportation {unknown}
Potions
 b - a potion of degeneration {unknown}
 d - 2 potions of curing {unknown}


   Skills:
 - Level 1.1 Fighting
 - Level 1.7 Dodging
 - Level 3.0 Unarmed Combat
 - Level 2.0 Spellcasting
 + Level 4.3 Transmutations


You couldn't memorise any spells.
You knew the following spells:

 Your Spells              Type           Power      Damage    Failure   Level
a - Beastly Appendage     Tmut           28%        N/A       3%          1
b - Wereblood             Tmut           14%        N/A       5%          2
c - Spider Form           Tmut/Pois      8%         N/A       26%         3

Your spell library contained the following spells:

 Spells                   Type           Power      Damage    Failure   Level
 Ensorcelled Hibernation  Hex/Ice        2%         N/A       32%         2
 Summon Guardian Golem    Hex/Summ       1%         N/A       54%         3
 Ice Form                 Ice/Tmut       8%         N/A       65%         4
 Anguish                  Hex/Necr       0%         N/A       91%         4
 Orb of Destruction       Conj           0%         9d5       100%        7
 Spellforged Servitor     Conj/Summ      0%         N/A       100%        7


Dungeon Overview and Level Annotations

Branches:
Dungeon (2/15)

Altars:


Innate Abilities, Weirdness & Mutations

Your plain brown scales are hard. (AC +5)
You cannot fit into any form of body armour.
You are cold-blooded and may be slowed by cold attacks.


Message History

The ball python misses you. The ball python barely misses you.
There are monsters nearby!
You closely miss the ball python. You claw the ball python.
You kill the ball python!
A gnoll is nearby!
A gnoll comes into view. It is wielding a +0 halberd.
The gnoll shouts!
You see here a ball python corpse.
There are monsters nearby!
You hit the gnoll. Your headbutt misses the gnoll.
The gnoll is moderately wounded.
The gnoll closely misses you.
There are monsters nearby!
You hit the gnoll.
Your tail-slap misses the gnoll.
The gnoll is severely wounded.
The gnoll hits you with a +0 flail.
There are monsters nearby!
You closely miss the gnoll.
The gnoll is severely wounded.
The gnoll hits you with a +0 flail.
You hit the gnoll.
The gnoll is almost dead.
The gnoll hits you with a +0 flail.
You hit the gnoll but do no damage. Your kick misses the gnoll.
Your tail-slap misses the gnoll.
The gnoll is almost dead.
The gnoll misses you.
A gnoll comes into view. It is wielding a +0 club.
The gnoll barely misses you.
You closely miss the gnoll. Your punch misses the gnoll.
The gnoll is almost dead.
The gnoll hits you from afar with a +0 halberd!
* * * LOW HITPOINT WARNING * * *
The gnoll hits you with a +0 flail.
* * * LOW HITPOINT WARNING * * *
Your transformation is almost over.
Your horns disappear.
Your talons disappear.
There is a stone staircase leading up here.
The gnoll hits you from afar with a +0 halberd.
You die...

########....# #.........
.......#....############.#####...
.⌠.⌠.⌠.#....'....................
.......#....########.###.#####...
>.....÷'....# #####'###.# #...
.......#....####[........#####.##
.⌠.⌠.⌠.#.................##....##
.......#.....###........###.#..).
########..)..###@.......# #.#.###
#........gg....#.##.###...###
###....#######.#.##..........
#....# #.#.############ #....#
#.#..........# #....#
#.#..........#
#######g...#######.#..........#
..g..†..........##.#..........###
#.#############..#.#..........'..


You could see 2 gnolls.

Vanquished Creatures
  An adder (D:2)
  2 dart slugs (D:2)
  A worm (D:2)
  3 ball pythons (D:2)
  2 endoplasms
  A giant cockroach (D:1)
  7 goblins
  4 hobgoblins
  9 jackals (D:1)
  4 kobolds
  3 quokkas
  3 bats
  2 frilled lizards (D:1)
  3 rats (D:1)
45 creatures vanquished.

Vanquished Creatures (others)
  2 plants (D:1)
2 creatures vanquished.

Grand Total: 47 creatures vanquished

Notes
Turn   | Place    | Note
-------+----------+-------------------------------------------
     0 | D:1      | MisterFreud the Draconian Transmuter began the quest for
                  | the Orb.
     0 | D:1      | Reached XP level 1. HP: 16/16 MP: 3/3
   184 | D:1      | Reached XP level 2. HP: 23/23 MP: 3/5
   220 | D:1      | Reached skill level 3 in Transmutations
   236 | D:1      | Learned a level 2 spell: Wereblood
   273 | D:1      | Found a faded altar of an unknown god.
  1035 | D:1      | Reached XP level 3. HP: 28/28 MP: 4/6
  1757 | D:2      | Reached skill level 4 in Transmutations
  1761 | D:2      | Learned a level 3 spell: Spider Form
  2066 | D:2      | Slain by a gnoll

Illustrated notes

Levels and vault maps discovered:
D:1:      dpeg_arrival_simpleton_b, layout_basic,
          hellmonk_ecumenical_altar_heavens_door, serial_forest,
          infiniplex_forest_end_1, infiniplex_forest_end_1,
          infiniplex_forest_straight_5, infiniplex_forest_straight_2,
          infiniplex_forest_lined_ring, infiniplex_forest_clump_small,
          infiniplex_forest_pool, infiniplex_forest_clump_medium,
          minmay_misc_feat_alley
D:2:      layout_basic, grunt_ministairs_3

Skill      XL: |  1  2  3 |
---------------+----------+-----
Transmutations | 3 4 |  4.3
Fighting       | |  1.1
Dodging        | |  1.7
Unarmed Combat | |  3.0
Spellcasting   | |  2.0

Action                   || total
-------------------------++-------
Melee: Unarmed           ||   131
       Tailslap          ||    17
       Headbutt          ||    13
       Punch             ||     3
       Kick              ||    18
 Cast: Beastly Appendage ||    25
Armor: Skin              ||    39
Dodge: Dodged            ||    94
